 Dungeon Crawl Stone Soup version 0.31.0-12-g77e489cdc1 (webtiles) character file.

Game seed: 10878288622886993160

7146 Arctor the Summoner (level 10, 0/56 HPs)
             Began as a Deep Elf Fire Elementalist on Feb 26, 2024.
             Was a Priest of Vehumet.
             Constricted to death by Erica (4 damage)
             ... on level 9 of the Dungeon.
             The game lasted 00:23:16 (8187 turns).

Arctor the Summoner (Deep Elf Fire Elementalist)    Turns: 8187, Time: 00:23:17

Health: 0/56       AC:  6    Str:  5    XL:     10   Next: 85%
Magic:  24/24      EV: 12    Int: 31    God:    Vehumet [***...]
Gold:   424        SH:  0    Dex: 15    Spells: 0/25 levels left

rFire   . . .        y - staff of conjuration
rCold   . . .        (no shield)
rNeg    . . .        a - +0 robe
rPois   .            C - +0 helmet
rElec   .            D - +0 cloak
rCorr   .            c - +1 pair of gloves
SInv    .            (no boots)
Will    +....        l - amulet of magic regeneration
Stlth   +++          v - +6 ring of intelligence
HPRegen 0.29/turn    B - ring of wizardry
MPRegen 0.59/turn

%: wizardry (x1)
@: brilliant, lethally poisoned (0 -> -1), constricted, studying Earth Magic
A: no striking features
a: Renounce Religion


You were on level 9 of the Dungeon.
You worshipped Vehumet.
Vehumet was most pleased with you.
You visited 2 branches of the dungeon, and saw 10 of its levels.
You also visited: Sewer.

You collected 424 gold pieces.

Inventory:

Hand Weapons
 g - a +1 trident
 G - a +2 dagger of draining
Missiles
 p - 2 throwing nets
Armour
 a - a +0 robe (worn)
 c - a +1 pair of gloves (worn)
 C - a +0 helmet (worn)
 D - a +0 cloak (worn)
Magical Staves
 e - a staff of alchemy
 y - a staff of conjuration (weapon)
Jewellery
 l - an amulet of magic regeneration (around neck)
 v - a +6 ring of intelligence (left hand)
 B - a ring of wizardry (right hand)
Talismans
 r - a maw talisman
Wands
 o - a wand of roots (9)
 t - a wand of digging (5)
 x - a wand of mindburst (32)
 F - a wand of paralysis (9)
Scrolls
 h - a scroll of immolation
 i - a scroll of fog
 j - a scroll of identify
 k - 2 scrolls of butterflies
 E - a scroll of amnesia
 I - a scroll of silence {unknown}
Potions
 b - a potion of magic
 d - 4 potions of brilliance
 f - a potion of ambrosia
 m - 2 potions of degeneration {unknown}
 n - a potion of heal wounds {unknown}
 q - 2 potions of curing {unknown}
 s - a potion of lignification {unknown}
 u - 2 potions of attraction {unknown}
 w - a potion of mutation {unknown}
 z - a potion of enlightenment {unknown}
 A - a potion of might {unknown}
Miscellaneous
 H - a phantom mirror


   Skills:
 + Level 4.1 Fighting
 - Level 7.4 Dodging
 - Level 5.4 Stealth
 - Level 8.1 Spellcasting
 - Level 7.1 Conjurations
 * Level 9.7 Summonings
 + Level 8.5 Fire Magic


You couldn't memorise any spells.
You knew the following spells:

 Your Spells              Type           Power      Damage    Failure   Level
a - Foxfire               Conj/Fire      100%       2x1d9     1%          1
b - Scorch                Fire           100%       2d9       1%          2
c - Summon Ice Beast      Ice/Summ       59%        N/A       1%          3
d - Volatile Blastmotes   Fire/Tloc      100%       2d18      1%          3
e - Flame Wave            Conj/Fire      95%        2d20      1%          4
f - Ozocubu's Armour      Ice            18%        N/A       4%          3
g - Summon Mana Viper     Hex/Summ       59%        N/A       6%          5
h - Summon Blazeheart Go  Fire/Summ      81%        N/A       1%          4

Your spell library contained the following spells:

 Spells                   Type           Power      Damage    Failure   Level
 Momentum Strike          Conj/Tloc      100%       3d10      1%          2
 Kiss of Death            Conj/Necr      100%       2d13      1%          1
 Summon Small Mammal      Summ           100%       N/A       1%          1
 Call Canine Familiar     Summ           83%        N/A       1%          3
 Inner Flame              Hex/Fire       56%        N/A       1%          3
 Confusing Touch          Hex            18%        N/A       4%          3
 Dispel Undead            Necr           18%        3d11      16%         4
 Monstrous Menagerie      Summ           41%        N/A       24%         7
 Metabolic Englaciation   Hex/Ice        9%         N/A       38%         5
 Sculpt Simulacrum        Ice/Alch       9%         N/A       91%         6


Dungeon Overview and Level Annotations

Branches:
Dungeon (9/15)             Temple (1/1) D:4            Lair (0/5) D:8
  Sewer (visited)
    Orc: D:9-12

Altars:
Cheibriados
Dithmenos
Elyvilon
Fedhas
Gozag
Hepliaklqana
Kikubaaqudgha
Makhleb
Nemelex Xobeh
Okawaru
Qazlal
Ru
Uskayaw
Vehumet
Wu Jian
Xom
Yredelemnul
Zin
The Shining One

Annotations:
D:8 2 transporters
D:9 Amaemon, Erica


Message History

You feel clever all of a sudden.
* * * LOW HITPOINT WARNING * * *
You feel very sick. Something stings your blazeheart golem!
It was a potion of ambrosia.
You are confused.
You feel invigorated.
* * * LOW HITPOINT WARNING * * *
You feel very sick.
The cloud of blastmotes explodes!
The concussive blast engulfs the manticore.
The manticore is lightly wounded.
The concussive blast engulfs Amaemon!
Amaemon is lightly wounded.
The concussive blast engulfs your blazeheart golem.
Your blazeheart golem resists.
Your blazeheart golem is moderately damaged.
Your blazeheart golem is knocked back by the blast.
Your blazeheart golem disappears in a puff of smoke!
You're too confused to move!
You feel sick.
The orange demon screeches!
You hear a shout!
You feel very sick.
The cloud of blastmotes explodes!
The concussive blast engulfs something!
You hear a shout! x4
You're too confused to cast spells.
You're too confused to cast spells.
You feel sick.
You bump into the rock wall.
You feel sick.
Something tries to affect you, but you resist.
Unknown command.
You're too confused to move!
You feel sick.
You feel less invigorated.
You feel less confused.
You feel sick.
You feel sick. Something hits you!!
* * * LOW HITPOINT WARNING * * *
Something burns you!
* * * LOW HITPOINT WARNING * * *
Something grabs you.
You are constricted.
You die...

....#......####..
#..........#
#.......#..#
#...##..#H.# #o.
#..#.4# # #..#..#
#..#.6# #..#..#
#..#@.# #..#........
#..#........
#...##..#...##...
#...##..#...# ..
#..##...##..#...# .
#..##...##..#...#
#..##...##..#K..#
..##..##...##..#...#


You could see Amaemon, an orange demon (curare), a manticore and a kobold.

Vanquished Creatures
  2 two-headed ogres (D:8)
  Maurice (D:7)
  4 yaks (D:8)
  3 wyverns
  A basilisk (D:8)
  A steam dragon (D:8)
  Menkaure (D:4)
  2 water moccasins
  Pargi (Sewer)
  An orc warrior (D:9)
  2 sky beasts
  3 ice beasts
  A black bear (D:5)
  3 centaurs
  A boggart (D:8)
  2 ogres
  2 kobold brigands
  A brain worm (Sewer)
  2 phantoms
  6 bullfrogs
  3 scorpions
  3 wights (D:6)
  9 killer bees
  6 howler monkeys
  An orc priest (D:3)
  2 jellies
  A hound (D:4)
  A sleepcap (D:4)
  5 iguanas
  Ijyb (D:3)
  Terence (D:2)
  4 orc wizards
  Natasha (thrice) (D:2)
  14 adders
  10 gnolls
  A white imp (D:5)
  4 ufetubi
  2 dart slugs
  A ribbon worm (D:2)
  18 orcs
  2 bats
  4 endoplasms
  8 giant cockroaches
  5 goblins
  8 hobgoblins
  19 kobolds
  4 quokkas
  4 ball pythons
  5 frilled lizards
  3 rats (D:2)
192 creatures vanquished.

Vanquished Creatures (collateral kills)
  The ghost of TheBioAlchemist the Grasshopper, an amateur BaWr (D:3)
  A kobold brigand (D:7)
  A foxfire (D:1)
3 creatures vanquished.

Vanquished Creatures (others)
  A boggart (D:8)
  2 kobolds
  809 foxfires
812 creatures vanquished.

Grand Total: 1007 creatures vanquished

Notes
Turn   | Place    | Note
-------+----------+-------------------------------------------
     0 | D:1      | Arctor the Deep Elf Fire Elementalist began the quest for
                  | the Orb.
     0 | D:1      | Reached XP level 1. HP: 10/10 MP: 6/6
   149 | D:1      | You fall into a shaft and drop 1 floor!
   389 | D:2      | Reached XP level 2. HP: 15/15 MP: 4/8
   484 | D:2      | Noticed Natasha
   489 | D:2      | Killed Natasha
   490 | D:2      | Reached XP level 3. HP: 14/19 MP: 5/9
   493 | D:2      | Learned a level 2 spell: Scorch
   577 | D:2      | Noticed Natasha
   582 | D:2      | Killed Natasha
   873 | D:2      | Noticed Terence
   876 | D:2      | Reached XP level 4. HP: 24/24 MP: 9/11
   883 | D:2      | Killed Terence
   914 | D:2      | Noticed Natasha
   924 | D:2      | Killed Natasha
  1511 | D:2      | Identified the +0 ring mail of the Ditch-Digger {Stlth+}
  1772 | D:3      | Learned a level 3 spell: Summon Ice Beast
  1922 | D:3      | Found an iron altar of Okawaru.
  1944 | D:3      | Reached XP level 5. HP: 28/28 MP: 10/13
  1978 | D:3      | Noticed a phantom
  1987 | D:3      | Killed a phantom
  2029 | D:3      | Noticed Ijyb
  2118 | D:3      | Found a runed translucent door.
  2123 | D:3      | Noticed TheBioAlchemist's ghost (amateur BaWr)
  2148 | D:3      | Reached skill level 1 in Summonings
  2168 | D:3      | Learned a level 3 spell: Volatile Blastmotes
  2178 | D:3      | Reached XP level 6. HP: 32/32 MP: 8/14
  2226 | D:3      | Killed Ijyb
  2548 | D:3      | Killed TheBioAlchemist's ghost
  2549 | D:3      | Reached skill level 5 in Spellcasting
  2549 | D:3      | Reached skill level 2 in Summonings
  2551 | D:3      | Reached XP level 7. HP: 8/36 MP: 1/16
  2962 | D:4      | Noticed Menkaure
  2966 | D:4      | Killed Menkaure
  2967 | D:4      | Reached skill level 5 in Stealth
  2967 | D:4      | Reached skill level 5 in Fire Magic
  3056 | D:4      | Found a staircase to the Ecumenical Temple.
  3076 | Temple   | Entered the Ecumenical Temple
  3121 | Temple   | Became a worshipper of Vehumet
  3353 | D:4      | Reached skill level 5 in Dodging
  3362 | D:4      | Learned a level 4 spell: Flame Wave
  3664 | D:5      | Entered Level 5 of the Dungeon
  3789 | D:5      | Reached skill level 3 in Summonings
  3790 | D:5      | Reached XP level 8. HP: 15/41 MP: 13/18
  3990 | D:5      | Found a glowing golden altar of the Shining One.
  4107 | D:5      | Reached * piety under Vehumet
  4107 | D:5      | Offered knowledge of Magic Dart by Vehumet.
  4202 | D:5      | Reached skill level 4 in Summonings
  4217 | D:5      | Reached skill level 5 in Conjurations
  4679 | D:6      | Found a shimmering altar of Xom.
  5087 | D:6      | Found a glowing drain.
  5104 | Sewer    | Entered a sewer
  5176 | Sewer    | Reached skill level 5 in Summonings
  5273 | Sewer    | Noticed Pargi
  5277 | Sewer    | Killed Pargi
  5278 | Sewer    | Reached XP level 9. HP: 43/45 MP: 17/21
  5702 | D:6      | Found a stormy altar of Qazlal.
  6098 | D:7      | Reached skill level 1 in Fighting
  6124 | D:7      | Reached skill level 6 in Summonings
  6129 | D:7      | Reached ** piety under Vehumet
  6129 | D:7      | Offered knowledge of Shock by Vehumet.
  6227 | D:7      | Noticed Maurice
  6231 | D:7      | Killed Maurice
  6391 | D:7      | Reached skill level 7 in Summonings
  6803 | D:8      | Reached XP level 10. HP: 54/54 MP: 20/24
  6819 | D:8      | HP: 1/54 [yak (11)]
  6822 | D:8      | Reached skill level 8 in Summonings
  7010 | D:8      | Learned a level 3 spell: Ozocubu's Armour
  7016 | D:8      | Learned a level 5 spell: Summon Mana Viper
  7024 | D:8      | Learned a level 4 spell: Summon Blazeheart Golem
  7051 | D:8      | Found a staircase to the Lair.
  7179 | D:8      | Found a transporter.
  7179 | D:8      | Found the ring of Shadows {Umbra +Inv Stlth+}
  7260 | D:8      | Found a transporter.
  7441 | D:8      | Offered knowledge of Momentum Strike by Vehumet.
  7468 | D:8      | Noticed a skeletal warrior
  7471 | D:8      | Noticed a death knight
  7508 | D:8      | Noticed an arcanist
  7535 | D:8      | Noticed a deep elf pyromancer
  7757 | D:8      | Noticed a two-headed ogre
  7757 | D:8      | Noticed a two-headed ogre
  7764 | D:8      | Killed a two-headed ogre
  7768 | D:8      | Killed a two-headed ogre
  7769 | D:8      | Reached skill level 9 in Summonings
  7860 | D:8      | Reached *** piety under Vehumet
  8166 | D:9      | Noticed Erica
  8167 | D:9      | Noticed an orange demon
  8169 | D:9      | Noticed Amaemon
  8170 | D:9      | Noticed a manticore
  8187 | D:9      | Constricted to death by Erica

Illustrated notes

Levels and vault maps discovered:
D:1:      psy_arrival_conway, layout_basic
D:2:      layout_basic, serial_forest, infiniplex_forest_lined_3,
          infiniplex_forest_lined_3, infiniplex_forest_corner_2,
          infiniplex_forest_lined_2, infiniplex_forest_end_2,
          infiniplex_forest_split, uniq_natasha, uniq_terence
D:3:      layout_rooms, okawaru_metal_pillars_1_2, ebering_ghost_sewer_d,
          uniq_ijyb
D:4:      layout_basic, minmay_temple_entry_sparse_star, minmay_manual_mail,
          uniq_menkaure
D:5:      layout_cave_pools, tso_metal_star
D:6:      layout_layer_cave, mainiacjoe_overflow_24_doors, kennysheep_mini_moat,
          gup_sewer_entry_glass
D:7:      layout_gridville, uniq_maurice
D:8:      gammafunk_sealed_arena, layout_basic, minmay_lair_entry_grove,
          nicolae_phantomly_mirrored
D:9:      layout_long_grid, nzn_overflow_gifts_of_might_and_magic,
          minmay_unpleasant_kobolds, uniq_amaemon, uniq_erolcha, uniq_pikel,
          uniq_erica
Temple:   nicolae_temple_superstar

Skill      XL: |  1  2  3  4  5  6  7  8  9 10 |
---------------+-------------------------------+-----
Stealth        | 3 4 5 |  5.4
Dodging        | 3 4 5 6 7 |  7.4
Conjurations   | 2 3 4 5 6 7 |  7.1
Spellcasting   | 4 5 7 8 |  8.1
Fire Magic     | 4 5 6 7 8 |  8.5
Summonings     | 1 2 3 5 7 9 |  9.7
Fighting       | 2 4 |  4.1

Action                     |  1- 3 |  4- 6 |  7- 9 | 10-12 || total
---------------------------+-------+-------+-------+-------++-------
  Melee: Trident           |       |     4 |     1 |       ||     5
         Staff             |       |       |     1 |     1 ||     2
   Cast: Foxfire           |    57 |    91 |   279 |    50 ||   477
         Scorch            |       |    18 |    34 |    20 ||    72
         Volatile Blastmot |       |     1 |     5 |     3 ||     9
         Summon Ice Beast  |       |     1 |       |     1 ||     2
         Flame Wave        |       |       |     9 |    11 ||    20
         Summon Mana Viper |       |       |       |     2 ||     2
         Ozocubu's Armour  |       |       |       |     1 ||     1
         Summon Blazeheart |       |       |       |     1 ||     1
    Use: Scroll            |       |       |     5 |     3 ||     8
         Potion            |       |       |       |     2 ||     2
 Armour: Robe              |     1 |    16 |    54 |    34 ||   105
  Dodge: Dodged            |     2 |    26 |    46 |    28 ||   102
